 Dungeon Crawl Stone Soup version 0.20.1-1-g8b1a95d (webtiles) character file.

8341 homeworkjunkie the Cleaver (level 11, -21/95 HPs)
             Began as a Hill Orc Fighter on Nov 29, 2017.
             Was a Priest of Okawaru.
             Demolished by a two-headed ogre
             ... wielding a +0 giant spiked club
              (32 damage)
             ... on level 9 of the Dungeon.
             The game lasted 00:16:58 (8597 turns).

homeworkjunkie the Cleaver (Hill Orc Fighter)       Turns: 8597, Time: 00:16:59

Health: -21/95     AC:  2    Str: 23    XL:     11   Next: 29%
Magic:  15/15      EV: 12    Int:  8    God:    Okawaru [***...]
Gold:   440        SH: 12    Dex: 14    Spells: 13/13 levels left

rFire    + . .     SeeInvis .   a - +1 war axe
rCold    + . .     Gourm    .   c - +0 shield
rNeg     . . .     Faith    .   n - +1 ring mail {rF+}
rPois    +         Spirit   .   (no helmet)
rElec    .         Reflect  .   (no cloak)
rCorr    .         Harm     .   e - +1 pair of gloves
MR       .....                  (no boots)
Stlth    +.........             (no amulet)
Regen    0.3/turn               r - ring of protection from cold
MPRegen  0.2/turn               k - ring of poison resistance

@: corroded
A: agile 1, poison resistance, strong 1
a: Heroism, Renounce Religion


You were on level 9 of the Dungeon.
You worshipped Okawaru.
Okawaru was most pleased with you.
You were full.

You visited 2 branches of the dungeon, and saw 11 of its levels.
You also visited: Ossuary.

You collected 440 gold pieces.

Inventory:

Hand Weapons
 a - a +1 war axe (weapon)
Armour
 c - a +0 shield (worn)
 e - a +1 pair of gloves (worn)
 n - a +1 ring mail of fire resistance (worn)
Jewellery
 k - a ring of poison resistance (right hand)
 r - a ring of protection from cold (left hand)
Wands
 m - a wand of lightning (7/15)
Scrolls
 d - 2 scrolls of magic mapping
 h - 3 scrolls of teleportation
 j - 2 scrolls of identify
 q - 5 scrolls of remove curse
 s - a scroll of fog
 y - a scroll of blinking
Potions
 b - a potion of brilliance
 i - 2 potions of haste
 l - 2 potions of might
 u - 3 potions of flight
 v - a potion of curing
 A - 2 potions of berserk rage
Comestibles
 f - 4 bread rations
 p - 6 meat rations


   Skills:
 * Level 8.8 Fighting
 * Level 12.6 Axes
 + Level 2.2 Throwing
 * Level 8.1 Armour
 + Level 4.0 Dodging
 + Level 2.4 Stealth
 * Level 8.9 Shields
 + Level 2.7 Unarmed Combat
 + Level 1.8 Spellcasting
 + Level 3.5 Invocations
 * Level 5.5 Evocations


You had 13 spell levels left.
You didn't know any spells.

Dungeon Overview and Level Annotations

Branches:
Dungeon (10/15)            Temple (1/1) D:7
   Lair: D:8-11         Orc: D:9-12

Altars:
Fedhas
Nemelex Xobeh
Okawaru
Qazlal
Yredelemnul

Shops:
D:5 [


Innate Abilities, Weirdness & Mutations

You are agile. (Dex +2)
Your system is resistant to poisons. (rPois)
Your muscles are strong. (Str +2)


Message History

You slash the two-headed ogre!
The two-headed ogre is heavily wounded.
You hit the two-headed ogre.
The two-headed ogre is severely wounded.
You block the two-headed ogre's attack.
The two-headed ogre hits you with a great mace.
You completely miss the two-headed ogre.
The two-headed ogre is heavily wounded.
You block the two-headed ogre's attack. The two-headed ogre barely misses you.
You barely miss the two-headed ogre.
The two-headed ogre is heavily wounded.
You hit the two-headed ogre but do no damage.
The two-headed ogre is heavily wounded.
The two-headed ogre hits you with a giant spiked club!!
* * * LOW HITPOINT WARNING * * *
The two-headed ogre barely misses you.
You slash the two-headed ogre!
The two-headed ogre is severely wounded.
The two-headed ogre hits you with a giant spiked club!!
You die...

#.....# #...............#.
#.....# #...............#.
#.....# #...............#.
#.....# #...............#.
#.....# #...............#.
#..)).# ##...............#.
####.## #≈.#....###...####.
##)# #####≈O....###...#....
#.)# #...#@...........#....
#.)# #.'≈...........#....
#..# #...#............#....
#..# #####≈...........#....
#..######≈.#..........#....
##..##.....#######'####....
###..######.................
#....#....#........<........
#....'....'.................


You could see a two-headed ogre.

Vanquished Creatures
  4 two-headed ogres
  A kobold demonologist (D:8)
  The ghost of letownia2 the Grave Robber, an amateur DDNe (Ossuary)
  A wyvern (D:8)
  3 orc warriors
  2 ice beasts
  A black bear (D:6)
  3 centaurs
  5 ogres
  5 big kobolds (D:8)
  A bullfrog (D:8)
  2 scorpions
  A killer bee (D:9)
  5 wights (D:6)
  2 howler monkeys (D:9)
  A bullfrog zombie (D:9)
  The ghost of Pulso the Caller, a weakling DESu (D:3)
  3 crimson imps
  2 centaur zombies
  A human zombie (Ossuary)
  6 jellies
  5 orc priests
  4 hounds
  4 orc wizards
  2 bullfrog skeletons
  A gnoll shaman (D:7)
  3 iguanas
  6 worker ants
  A big kobold zombie (Ossuary)
  6 mummies (Ossuary)
  4 gnolls
  9 adders
  A shadow imp (D:6)
  6 oozes
  An adder skeleton (D:9)
  3 worms
  3 dart slugs
  6 leopard geckos
  37 orcs
  2 ball pythons
  7 bats
  5 giant cockroaches
  A gnoll zombie (Ossuary)
  4 goblins
  5 hobgoblins
  12 jackals
  16 kobolds
  9 quokkas
  9 frilled lizards
  2 goblin zombies
  2 hobgoblin zombies (Ossuary)
  A kobold zombie (Ossuary)
  An orc zombie (Ossuary)
  A quokka zombie (D:8)
  7 rats
237 creatures vanquished.

Vanquished Creatures (others)
  3 orcs
3 creatures vanquished.

Grand Total: 240 creatures vanquished

Notes
Turn   | Place    | Note
-------+----------+-------------------------------------------
     0 | D:1      | homeworkjunkie the Hill Orc Fighter began the quest for the Orb.
     0 | D:1      | Reached XP level 1. HP: 19/19 MP: 1/1
   337 | D:3      | Reached XP level 2. HP: 27/27 MP: 2/2
   400 | D:4      | Reached skill level 3 in Axes
   400 | D:4      | Reached XP level 3. HP: 22/33 MP: 3/3
   554 | D:3      | Reached skill level 4 in Axes
   567 | D:3      | Reached XP level 4. HP: 26/40 MP: 4/4
   573 | D:3      | Noticed Pulso's ghost (weakling DESu)
   577 | D:3      | Killed Pulso's ghost
   900 | D:5      | Entered Level 5 of the Dungeon
   900 | D:5      | Noticed an ogre
   948 | D:4      | Reached skill level 5 in Axes
   948 | D:4      | Reached XP level 5. HP: 36/47 MP: 5/5
  2066 | D:1      | Reached XP level 6. HP: 53/53 MP: 6/6
  2335 | D:5      | Reached skill level 6 in Axes
  2393 | D:5      | Found an iron altar of Okawaru.
  2398 | D:5      | Became a worshipper of Warmaster Okawaru
  2456 | D:4      | Gained mutation: Your muscles are strong. (Str +2) [potion of mutation]
  2456 | D:4      | Gained mutation: You are agile. (Dex +2) [potion of mutation]
  2456 | D:4      | Gained mutation: Your system is resistant to poisons. (rPois) [potion of mutation]
  2520 | D:4      | Reached skill level 5 in Shields
  2524 | D:4      | Reached XP level 7. HP: 52/60 MP: 7/7
  2753 | D:4      | Reached skill level 5 in Fighting
  2753 | D:4      | Reached skill level 7 in Axes
  3067 | D:4      | Reached skill level 5 in Armour
  3445 | D:5      | Reached * piety under Okawaru
  3484 | D:5      | Reached XP level 8. HP: 18/68 MP: 8/8
  4000 | D:5      | Reached skill level 8 in Axes
  4010 | D:5      | Found Laoron's Armour Shop.
  4146 | D:6      | Reached skill level 1 in Evocations
  4159 | D:6      | Reached skill level 1 in Dodging
  4987 | D:6      | Reached skill level 9 in Axes
  5050 | D:7      | Found a staircase to the Ecumenical Temple.
  5058 | Temple   | Entered the Ecumenical Temple
  5201 | D:6      | Reached ** piety under Okawaru
  5261 | D:6      | Reached XP level 9. HP: 73/75 MP: 10/10
  5365 | D:6      | Reached skill level 10 in Axes
  5365 | D:6      | Reached skill level 1 in Spellcasting
  5365 | D:6      | Reached XP level 10. HP: 88/88 MP: 10/13
  5700 | D:8      | Found a sand-covered staircase.
  5707 | Ossuary  | Entered an ossuary
  5770 | Ossuary  | Noticed letownia2's ghost (amateur DDNe)
  5782 | Ossuary  | Killed letownia2's ghost
  5782 | Ossuary  | Reached skill level 11 in Axes
  6800 | D:9      | Reached skill level 5 in Evocations
  6806 | D:9      | Noticed a two-headed ogre
  6818 | D:9      | Killed a two-headed ogre
  7415 | D:10     | Entered Level 10 of the Dungeon
  7504 | D:9      | Noticed a two-headed ogre
  7514 | D:9      | Killed a two-headed ogre
  7619 | D:8      | Noticed a two-headed ogre
  7632 | D:8      | Killed a two-headed ogre
  7632 | D:8      | Reached *** piety under Okawaru
  7632 | D:8      | Reached skill level 12 in Axes
  7632 | D:8      | Reached XP level 11. HP: 28/95 MP: 14/14
  8343 | D:8      | Noticed a two-headed ogre
  8357 | D:8      | Killed a two-headed ogre
  8583 | D:9      | Noticed a two-headed ogre
  8597 | D:9      | Demolished by a two-headed ogre

Skill      XL: |  1  2  3  4  5  6  7  8  9 10 11 |
---------------+----------------------------------+-----
Fighting       | 4 5 7 8 |  8.8
Axes           | 3 4 5 6 7 9 10 12 | 12.6
Shields        | 4 5 6 8 |  8.9
Armour         | 4 5 7 8 |  8.1
Evocations     | 2 4 5 |  5.5
Dodging        | 1 3 4 |  4.0
Throwing       | 2 |  2.2
Stealth        | 2 |  2.4
Unarmed Combat | 2 |  2.7
Spellcasting   | 1 |  1.8
Invocations    | 3 |  3.5

Action                   |  1- 3 |  4- 6 |  7- 9 | 10-12 || total
-------------------------+-------+-------+-------+-------++-------
Melee: War axe           |    56 |   226 |   213 |   355 ||   850
Evoke: Wand              |       |       |     1 |    14 ||    15
  Use: Scroll            |     1 |     7 |     3 |     7 ||    18
       Potion            |       |     6 |     5 |     3 ||    14
 Stab: Distracted        |       |       |       |     2 ||     2
  Eat: Fruit             |       |     3 |       |     1 ||     4
       Meat ration       |       |     1 |     1 |     1 ||     3
       Bread ration      |       |       |     1 |       ||     1
       Royal jelly       |       |       |       |     4 ||     4
Armor: Scale mail        |    28 |    89 |    16 |       ||   133
       Ring mail         |       |       |    58 |    53 ||   111
Dodge: Dodged            |    17 |    66 |    89 |    89 ||   261
Block: Shield            |    35 |   132 |   167 |   156 ||   490
